 Dungeon Crawl Stone Soup version 0.28.0-53-g5a82cb258f (webtiles) character file.

Game seed: 16687789444280520593

22 fuccboisucc420 the Skirmisher (level 2, -1/24 HPs)
             Began as a Demonspawn Abyssal Knight on July 20, 2022.
             Was a Follower of Lugonu.
             Slain by a gnoll
             ... wielding a +0 spear
              (5 damage)
             ... on level 2 of the Dungeon.
             The game lasted 00:04:38 (1583 turns).

fuccboisucc420 the Skirmisher (DsAK)                Turns: 1583, Time: 00:04:39

Health: -1/24      AC:  5    Str: 13    XL:     2   Next: 68%
Magic:  3/3        EV: 10    Int: 13    God:    Lugonu [*.....]
Gold:   68         SH:  0    Dex: 13    Spells: 1/1 levels left

rFire   . . .      SeeInvis .   a - +1 mace
rCold   . . .      Faith    .   (no shield)
rNeg    . . .      Spirit   .   c - +0 ring mail
rPois   .          Reflect  .   (no helmet)
rElec   .          Harm     .   (no cloak)
rCorr   .          Rampage  .   (no gloves)
Will    .....                   (no boots)
Stlth   +.........              (no amulet)
HPRegen 0.08/turn               (no ring)
MPRegen 0.08/turn               (no ring)

@: no status effects
A: big brain 1
a: Renounce Religion, Depart the Abyss


You were on level 2 of the Dungeon.
You worshipped Lugonu.
Lugonu was aware of your devotion.
You visited 1 branch of the dungeon, and saw 2 of its levels.
You visited the Abyss 1 time.

You collected 68 gold pieces.

Inventory:

Hand Weapons
 a - a +1 mace (weapon)
Armour
 b - a +0 leather armour
 c - a +0 ring mail (worn)
Scrolls
 d - 2 scrolls of blinking {unknown}


   Skills:
 - Level 3.0 Fighting
 + Level 2.4 Maces & Flails
 + Level 2.2 Armour
 + Level 1.0 Dodging
 + Level 0.4 Stealth
 - Level 2.4 Invocations


You had one spell level left.
You didn't know any spells.
Your spell library contained the following spells:

 Spells                   Type           Power      Damage    Failure   Level
 Pain                     Necr           0%         1d4       54%         1
 Sting                    Tmut/Pois      0%         1d3       54%         1
 Poisonous Vapours        Pois/Air       0%         N/A       69%         2
 Olgreb's Toxic Radiance  Pois           0%         N/A       100%        4
 Agony                    Necr           0%         N/A       100%        5
 Excruciating Wounds      Necr           0%         N/A       100%        5


Dungeon Overview and Level Annotations

Branches:
Dungeon (2/15)

Altars:

Shops:
D:1 *


Innate Abilities, Weirdness & Mutations

You have an unusually large brain. (Int +2)


Message History

The hobgoblin is moderately wounded.
The hobgoblin hits you but does no damage.
You hit the hobgoblin.
The hobgoblin is heavily wounded.
The hobgoblin misses you.
The hobgoblin hits you but does no damage.
You hit the hobgoblin.
You kill the hobgoblin!
Lugonu accepts your kill.
d - 2 scrolls labelled RAMOD IVVAIX An endoplasm comes into view.
Found 13 sling bullets.
The endoplasm quivers.
You see here 17 arrows.
You hit the endoplasm.
The endoplasm is almost dead.
The endoplasm hits you but does no damage.
You barely miss the endoplasm.
The endoplasm is almost dead.
The endoplasm freezes you.
You are frozen.
The endoplasm hits you.
You hit the endoplasm but do no damage.
The endoplasm is almost dead.
The endoplasm hits you but does no damage.
You hit the endoplasm.
You kill the endoplasm!
Lugonu accepts your kill. 3 gnolls come into view.
A gnoll is wielding a +0 vorpal spear.
The gnoll shouts! x3
A ball python comes into view.
The gnoll hits you with a +0 flail. The gnoll closely misses you.
You hit the gnoll.
The gnoll is moderately wounded.
The gnoll hits you with a +0 flail!
* * * LOW HITPOINT WARNING * * *
You hit the gnoll.
The gnoll is heavily wounded.
The gnoll hits you from afar with a +0 spear.
You die...

##########
#<(......#
########.#
..#.#####
#.#[....#
#.#####@#
#.....#g# #.
#.....#g# #.
##.....g# #.#
#..g####
##(.##...########
....+...........
#..#.g..#...... .
#.#..[.#.#####..


You could see 3 gnolls.

Vanquished Creatures
  A dart slug (D:1)
  2 ball pythons (D:1)
  2 endoplasms
  3 goblins (D:1)
  4 hobgoblins
  4 bats (D:1)
  A frilled lizard (D:1)
  A kobold (D:1)
  A bush (D:1)
19 creatures vanquished.

Vanquished Creatures (others)
  A plant (D:1)
1 creature vanquished.

Grand Total: 20 creatures vanquished

Notes
Turn   | Place    | Note
-------+----------+-------------------------------------------
     0 | Abyss:1  | fuccboisucc420 the Demonspawn Abyssal Knight began the
                  | quest for the Orb.
     0 | Abyss:1  | Reached XP level 1. HP: 18/18 MP: 2/2
     0 | D:1      | Escaped the Abyss
   168 | D:1      | Reached skill level 1 in Dodging
   176 | D:1      | Gained mutation: You have an unusually large brain. (Int
                  | +2) [demonic ancestry]
   176 | D:1      | Reached XP level 2. HP: 19/24 MP: 3/3
   788 | D:1      | Reached * piety under Lugonu
   795 | D:1      | Found Babrycve's Assorted Antiques.
  1583 | D:2      | Slain by a gnoll

Illustrated notes

Levels and vault maps discovered:
D:1:      co_arrival_square_in_a_square_in_a_square, layout_loops_ring,
          serial_shops, shop, serial_forest, infiniplex_forest_clump_small,
          infiniplex_forest_corner_2, infiniplex_forest_corner_1,
          infiniplex_forest_clump_small, infiniplex_forest_lined_3,
          infiniplex_forest_straight_5, infiniplex_forest_clump_tiny
D:2:      layout_basic, ebering_ecumenical_altar_box

Skill      XL: |  1 |
---------------+----+-----
Maces & Flails | 2 |  2.4
Armour         | 2 |  2.2
Dodging        | 1 |  1.0
Fighting       | |  3.0
Stealth        | |  0.4
Invocations    | |  2.4

Action                   || total
-------------------------++-------
Melee: Mace              ||   166
       Punch             ||     5
Invok: Depart the Abyss  ||     1
  Use: Scroll            ||     2
 Stab: Distracted        ||     1
       Sleeping          ||     1
Armor: Leather armour    ||    10
       Ring mail         ||    26
Dodge: Dodged            ||    48
